 Dungeon Crawl Stone Soup version 0.23.2-1-ga50397a6bc (webtiles) character file.

Game seed: 1313817372628517771

172 Mrkan the Ruffian (level 5, -19/50 HPs)
             Began as a Troll Monk on May 22, 2019.
             Demolished by an orc warrior
             ... wielding a +0 dire flail
              (24 damage)
             ... on level 3 of the Dungeon.
             The game lasted 00:03:44 (1755 turns).

Mrkan the Ruffian (Troll Monk)                      Turns: 1755, Time: 00:03:44

Health: -19/50     AC:  6    Str: 19    XL:     5   Next: 27%
Magic:  4/4        EV: 10    Int:  6    God:
Gold:   120        SH:  0    Dex: 13    Spells: 4/4 levels left

rFire    . . .     SeeInvis .     - Unarmed
rCold    . . .     Gourm    +   (no shield)
rNeg     . . .     Faith    .   a - +0 robe
rPois    .         Spirit   .   (helmet restricted)
rElec    .         Reflect  .   (no cloak)
rCorr    .         Harm     .   (gloves unavailable)
MR       .....                  (boots unavailable)
Stlth    ++........             (no amulet)
HPRegen  0.56/turn              (no ring)
MPRegen  0.09/turn              (no ring)

@: no status effects
A: large, unfitting armour, claws 3, fast metabolism 3, gourmand, regeneration
1, shaggy fur 1, tough skin 3
a: no special abilities


You were on level 3 of the Dungeon.
You were very full.

You visited 1 branch of the dungeon, and saw 3 of its levels.

You collected 120 gold pieces.

Inventory:

Armour
 a - a +0 robe (worn)
Jewellery
 g - a cursed ring of attention {unknown}
Scrolls
 c - 3 scrolls of remove curse {unknown}
 d - 2 scrolls of identify {unknown}
 i - a scroll of random uselessness {unknown}
Potions
 e - a potion of curing {unknown}
 f - 2 potions of cancellation {unknown}
Comestibles
 b - 6 rations
 h - 6 chunks of flesh


   Skills:
 - Level 2.4 Fighting
 - Level 2.4 Dodging
 - Level 1.0 Stealth
 * Level 6.0 Unarmed Combat


You had 4 spell levels left.
You didn't know any spells.
Your spell library was empty.

Dungeon Overview and Level Annotations

Branches:
Dungeon (3/15)

Altars:
Nemelex Xobeh
Xom


Innate Abilities, Weirdness & Mutations

You are too large for most types of armour.
You have claws for hands.
Your metabolism is lightning-fast.
You like to eat raw meat.
Your natural rate of healing is unusually fast.
You are covered in fur. (AC +1)
You have extremely tough skin. (AC +3)


Message History

Sorry, you're not good enough to have a special ability.
Items here: ) [ †† a +0 club; a +0 leather armour; an orc corpse; a worm corpse You scratch the orc warrior.
The orc warrior is severely wounded.
The orc warrior closely misses you.
You scratch the orc warrior but do no damage.
The orc warrior is severely wounded.
The orc warrior hits you with a +0 dire flail.
* * * LOW HITPOINT WARNING * * *
You closely miss the orc warrior.
The orc warrior is severely wounded.
The orc warrior hits you with a +0 dire flail.
* * * LOW HITPOINT WARNING * * *
You completely miss the orc warrior.
The orc warrior is severely wounded.
You scratch the orc warrior.
The orc warrior is almost dead.
The orc warrior hits you with a +0 dire flail!!
You die...

###### #(....
##..... ...
....... ...
####.....#### ..
#....####..<# ..
#......@o...# #.
#....)###.#.# #.
#.........#.#
#.##....###### #
#>..).)......#
#..####......#
#..##........###
#..##._.........
#..#.........###.


You could see an orc warrior.

Vanquished Creatures
  An ogre (D:2)
  2 worms
  4 leopard geckos
  3 orcs (D:3)
  2 ball pythons (D:1)
  3 giant cockroaches
  7 goblins
  11 hobgoblins
  3 quokkas
  10 bats
  5 frilled lizards
  10 kobolds
  5 rats
66 creatures vanquished.

Notes
Turn   | Place    | Note
-------+----------+-------------------------------------------
     0 | D:1      | Mrkan the Troll Monk began the quest for the Orb.
     0 | D:1      | Reached XP level 1. HP: 22/22 MP: 0/0
   129 | D:1      | Reached XP level 2. HP: 29/29 MP: 1/1
   407 | D:1      | Reached skill level 4 in Unarmed Combat
   536 | D:1      | Reached XP level 3. HP: 36/36 MP: 2/2
  1180 | D:2      | Noticed an ogre
  1183 | D:2      | Killed an ogre
  1183 | D:2      | Reached skill level 5 in Unarmed Combat
  1183 | D:2      | Reached XP level 4. HP: 44/44 MP: 3/3
  1183 | D:2      | Reached XP level 5. HP: 50/50 MP: 4/4
  1684 | D:3      | Found a shimmering altar of Xom.
  1684 | D:3      | Found a sparkling altar of Nemelex Xobeh.
  1711 | D:3      | Reached skill level 6 in Unarmed Combat
  1742 | D:3      | Noticed an orc warrior
  1755 | D:3      | Demolished by an orc warrior

Skill      XL: |  1  2  3  4  5 |
---------------+----------------+-----
Unarmed Combat | 4 5 6 |  6.0
Fighting       | |  2.4
Dodging        | |  2.4
Stealth        | |  1.0

Action                   |  1- 3 |  4- 6 || total
-------------------------+-------+-------++-------
Melee: Unarmed           |   109 |    49 ||   158
       Punch             |     4 |       ||     4
 Stab: Sleeping          |     3 |     1 ||     4
       Distracted        |     1 |       ||     1
  Eat: Chunk             |    16 |     5 ||    21
Armor: Robe              |    39 |    14 ||    53
Dodge: Dodged            |    47 |    17 ||    64
